 Dungeon Crawl Stone Soup version 0.21-a0-632-g1e37ce5 (webtiles) character file.

137 Delita the Covered (level 5, 35/42 HPs)
             Began as a Human Fighter on Dec 28, 2017.
             Was an Initiate of Qazlal.
             Starved to death
             ... on level 4 of the Dungeon.
             The game lasted 00:31:52 (2861 turns).

Delita the Covered (Human Fighter)                  Turns: 2861, Time: 00:31:52

Health: 35/42      AC: 11    Str: 17 (18) XL:     5   Next: 43%
Magic:  5/5        EV:  4    Int:  8      God:    Qazlal [......]
Gold:   137        SH:  9    Dex: 12      Spells: 4/4 levels left

rFire    . . .     SeeInvis .   a - +0 war axe
rCold    . . .     Gourm    .   c - +0 shield
rNeg     . . .     Faith    .   o - +0 chain mail
rPois    .         Spirit   .   (helmet restricted)
rElec    .         Reflect  .   (no cloak)
rCorr    .         Harm     .   (no gloves)
MR       .....                  (no boots)
Stlth    ..........             (no amulet)
HPRegen  0.14/turn              g - ring of flight
MPRegen  0.09/turn              (no ring)

@: fainting, drained
A: horns 1, icy blue scales 1
a: Renounce Religion, Evoke Flight


You were on level 4 of the Dungeon.
You worshipped Qazlal.
Qazlal was noncommittal.
You were fainting.

You visited 1 branch of the dungeon, and saw 4 of its levels.

You collected 137 gold pieces.

Inventory:

Hand Weapons
 a - a +0 war axe (weapon)
 f - a +0 club
 h - a +0 short sword
 n - a +0 hand axe
 q - a +0 whip
 v - a +0 dagger
Missiles
 j - 109 stones (quivered)
 p - 2 javelins
Armour
 b - a +0 scale mail
 c - a +0 shield (worn)
 e - a +0 ring mail
 i - a +0 chain mail
 o - a +0 chain mail (worn)
 t - a +0 animal skin
 u - a +2 helmet
Jewellery
 g - a ring of flight (left hand)
Scrolls
 l - a scroll of identify
Potions
 d - a potion of might
 k - a potion of heal wounds
 r - a potion of brilliance {unknown}
 s - a potion of agility
Books
 m - a book of Cantrips

   Spells                             Type                      Level
   a - Confusing Touch                Hexes                        1
   b - Animate Skeleton               Necromancy                   1
   c - Summon Small Mammal            Summoning                    1
   d - Apportation                    Translocation                1


   Skills:
 + Level 3.6(3.4) Fighting
 + Level 3.4(3.1) Axes
 + Level 0.4(0.1) Throwing
 + Level 3.7(3.4) Armour
 + Level 0.5(0.2) Dodging
 + Level 3.5(3.3) Shields


You had 4 spell levels left.
You didn't know any spells.

Dungeon Overview and Level Annotations

Branches:
Dungeon (4/15)
 Temple: D:4-7

Altars:
Nemelex Xobeh
Qazlal

Annotations:
D:3 2 transporters
D:4 Edmund


Innate Abilities, Weirdness & Mutations

You have a pair of small horns on your head.
You are partially covered in icy blue scales. (AC +2)


Message History

The hound skeleton barely misses you. The hound skeleton bites you.
You hit the hound skeleton.
The hound skeleton is severely damaged.
The hound skeleton bites you but does no damage.
You slash the hound skeleton!
You destroy the hound skeleton!
Qazlal accepts your kill.
You feel your strength returning.
You hit Edmund.
Edmund is lightly wounded.
You block Edmund's attack.
You hit Edmund.
Edmund is lightly wounded.
You block Edmund's attack.
Edmund hits you with a dire flail of draining.
You feel drained.
Your shield and chain mail prevent you from hitting Edmund.
Edmund is lightly wounded.
You have starved to death.
You die...

##### ..... .....##+###
..........+ ..........#
..........# ..........#
###+#
.$...##@#######<#.#.##.
... #.@.............. #
#########.###.... #.#
#. #.# #.# #.# #.# #.#
#..


You could see Edmund.

Vanquished Creatures
  A hound skeleton (D:4)
  Robin (D:3)
  A howler monkey skeleton (D:4)
  An adder (D:2)
  3 worms (D:2)
  2 dart slugs
  An orc (D:3)
  7 bats
  A giant cockroach (D:2)
  15 goblins
  10 hobgoblins
  7 jackals
  11 kobolds
  2 quokkas (D:3)
  6 frilled lizards
  9 rats
78 creatures vanquished.

Notes
Turn   | Place    | Note
-------+----------+-------------------------------------------
     0 | D:1      | Delita the Human Fighter began the quest for the Orb.
     0 | D:1      | Reached XP level 1. HP: 18/18 MP: 1/1
   121 | D:1      | Reached XP level 2. HP: 24/24 MP: 2/2
   339 | D:1      | Found a sparkling altar of Nemelex Xobeh.
   453 | D:1      | Became a worshipper of Nemelex Xobeh the Trickster
   683 | D:1      | Received a gift from Nemelex Xobeh
   730 | D:1      | Reached XP level 3. HP: 23/29 MP: 3/3
  1119 | D:1      | Gained mutation: You have a pair of small horns on your head. [potion of mutation]
  1119 | D:1      | Gained mutation: You are partially covered in icy blue scales. (AC +2) [potion of mutation]
  1880 | D:2      | Reached XP level 4. HP: 35/35 MP: 4/4
  2323 | D:3      | Reached * piety under Nemelex Xobeh
  2384 | D:3      | Noticed Robin
  2406 | D:3      | Killed Robin
  2453 | D:3      | Reached XP level 5. HP: 39/41 MP: 5/5
  2459 | D:3      | Found a stormy altar of Qazlal.
  2514 | D:3      | Fell from the grace of Nemelex Xobeh
  2514 | D:3      | Became a worshipper of Qazlal Stormbringer
  2563 | D:3      | Found a transporter.
  2563 | D:3      | Found a transporter.
  2831 | D:4      | Noticed Edmund
  2861 | D:4      | Starved to death

Vault maps used:
D:1:      nzn_arrival_settlement, nemelex_altar_shiori
D:2:      minmay_door_path
D:3:      gammafunk_wand_slinger, first_ration, grunt_qazlal_clouds, uniq_robin
D:4:      serial_shops, shop, grunt_ministairs_7, lemuel_angel_altar,
          uniq_edmund

Skill      XL: |  1  2  3  4 |
---------------+-------------+-----
Axes           | 3 |  3.4
Fighting       | |  3.6
Throwing       | |  0.4
Armour         | |  3.7
Dodging        | |  0.5
Shields        | |  3.5

Action                   |  1- 3 |  4- 6 || total
-------------------------+-------+-------++-------
Melee: War axe           |   123 |   129 ||   252
       Headbutt          |     9 |    20 ||    29
Throw: Stone             |    21 |       ||    21
Evoke: Deck              |       |     2 ||     2
  Use: Scroll            |     4 |     3 ||     7
       Potion            |     4 |     2 ||     6
  Eat: Ration            |     1 |     1 ||     2
       Chunk             |       |     1 ||     1
Armor: Scale mail        |     8 |       ||     8
       Chain mail        |    73 |    84 ||   157
Dodge: Dodged            |    19 |    29 ||    48
Block: Shield            |    80 |    70 ||   150

Table legend:
 A = Spawn XP
 B = Non-spawn XP
 C = Spawn XP percentage of total XP
 D = Spawn monster count
 E = Non-spawn monster count
 F = Spawn count percentage of total count
 G = Total turns spent on level
                    A         B        C        D         E        F      G
               +---------+---------+-------+---------+---------+-------+---------
         Total |       0 |     196 |   0.0 |       0 |      78 |   0.0 |  2861
               +---------+---------+-------+---------+---------+-------+---------
           D:1 |       0 |      33 |   0.0 |       0 |      19 |   0.0 |  1139
           D:2 |       0 |      63 |   0.0 |       0 |      27 |   0.0 |  1184
           D:3 |       0 |      59 |   0.0 |       0 |      26 |   0.0 |   473
           D:4 |       0 |      41 |   0.0 |       0 |       6 |   0.0 |    65
               +---------+---------+-------+---------+---------+-------+---------
